 Dungeon Crawl Stone Soup version 0.18.1-48-g4cf74bf (webtiles) character file.

177 SedStubbie the Chiller (level 5, -6/35 HPs)
             Began as a Mummy Ice Elementalist on Aug 8, 2016.
             Mangled by nikopol's ghost (11 damage)
             ... on level 5 of the Dungeon.
             The game lasted 00:20:16 (5301 turns).

SedStubbie the Chiller (Mummy Ice Elementalist)     Turns: 5301, Time: 00:20:16

Health: -6/35      AC:  2    Str: 11    XL:     5   Next: 30%
Magic:  4/10       EV: 11    Int: 15    God:
Gold:   135        SH:  0    Dex: 16    Spells: 2 memorised, 7 levels left

rFire  x . .     SeeInvis .     (no weapon)
rCold  + . .     Gourm    .     a - +0 robe
rNeg   + + +     Faith    .     (no shield)
rPois  ∞         Spirit   .     (no helmet)
rElec  .         Dismiss  .     (no cloak)
rCorr  .         Reflect  .     (no gloves)
SustAt .         Harm     .     (no boots)
MR     .....                    (no amulet)
Stlth  ++........               (no ring)
                                f - +3 ring of dexterity

@: drained, not resistant to hostile enchantments, unstealthy
A: no food or potions, fire vulnerability, cold resistance 1, negative energy
resistance 3, torment resistance, unbreathing
a: no special abilities


You were on level 5 of the Dungeon.
You were not hungry.

You visited 1 branch of the dungeon, and saw 5 of its levels.

You collected 135 gold pieces.

Inventory:

Armour
 a - a +0 robe (worn)
Jewellery
 d - an uncursed ring of resist corrosion {unknown}
 f - a +3 ring of dexterity (left hand)
Scrolls
 c - 3 scrolls of remove curse
 e - 6 scrolls of identify
 h - 2 scrolls of fog
Books
 b - a book of Frost

   Spells                             Type                      Level
   a - Freeze                         Ice                          1
   b - Throw Frost                    Conjuration/Ice              2
   c - Ozocubu's Armour               Charms/Ice                   3
   d - Throw Icicle                   Conjuration/Ice              4
   e - Summon Ice Beast               Ice/Summoning                4


   Skills:
 - Level 1.5(0.7) Dodging
 - Level 1.5(0.7) Stealth
 + Level 3.4(2.5) Spellcasting
 * Level 0.8(0.0) Conjurations
 * Level 4.2(3.3) Ice Magic


You had 7 spell levels left.
You knew the following spells:

 Your Spells              Type           Power        Failure   Level  Hunger
a - Freeze                Ice            ##..         6%          1    N/A
b - Throw Frost           Conj/Ice       #.....       17%         2    N/A

Dungeon Overview and Level Annotations

Branches:
Dungeon (5/15)
 Temple: D:4-7

Altars:
Ashenzari
Elyvilon
Ru

Annotations:
D:5 nikopol's ghost, novice HOFi


Innate Abilities, Weirdness & Mutations

You do not eat or drink.
Your flesh is vulnerable to fire.
You are immune to poison.
Your flesh is cold resistant.
You are immune to negative energy.
You are immune to unholy pain and torment.
You can survive without breathing.


Message History

* * * LOW HITPOINT WARNING * * *
The phantom barely misses you. The phantom hits you.
* * * LOW HITPOINT WARNING * * *
Casting: Freeze
Confirm with . or Enter, or press ? or * to list all spells.
Aiming: Freeze
Press: ? - help, Shift-Dir - straight line, f/p - phantom
Aim: a phantom (lightly damaged)
You freeze the phantom.
The phantom completely resists.
The phantom is lightly damaged.
The phantom hits you.
* * * LOW HITPOINT WARNING * * *
The phantom blinks!
The phantom barely misses you.
There is a stone staircase leading down here.
You climb downwards.
Level annotation: nikopol's ghost, novice HOFi Nikopol's ghost barely misses you.
Nikopol's ghost hits you!
You die...

.#. ##..
.... #..
#.. #.#
#.##.##W#
#.....W@#
.....####
###


You could see a phantom and nikopol's ghost.

Vanquished Creatures
  An orc wizard (D:2)
  4 gnolls
  3 adders
  3 oozes
  2 dart slugs (D:2)
  A giant gecko (D:2)
  4 orcs
  6 giant cockroaches
  6 goblins
  5 hobgoblins
  2 jackals (D:2)
  5 kobolds
  11 bats
  6 giant newts
  9 rats
68 creatures vanquished.

Notes
Turn   | Place    | Note
--------------------------------------------------------------
     0 | D:1      | SedStubbie the Mummy Ice Elementalist began the quest for the Orb.
     0 | D:1      | Reached XP level 1. HP: 13/13 MP: 3/3
   330 | D:1      | Reached XP level 2. HP: 19/19 MP: 1/5
   334 | D:1      | Learned a level 2 spell: Throw Frost
   897 | D:1      | Reached skill level 3 in Ice Magic
  1425 | D:2      | Reached XP level 3. HP: 24/24 MP: 4/6
  2822 | D:3      | Found a sacrificial altar of Ru.
  3142 | D:2      | Reached XP level 4. HP: 14/30 MP: 4/8
  4217 | D:3      | Reached skill level 4 in Ice Magic
  4325 | D:3      | Reached XP level 5. HP: 35/35 MP: 4/9
  5072 | D:4      | Found a shattered altar of Ashenzari.
  5072 | D:4      | Found a white marble altar of Elyvilon.
  5095 | D:4      | Noticed a phantom
  5136 | D:5      | Entered Level 5 of the Dungeon
  5207 | D:5      | Noticed nikopol's ghost (novice HOFi)
  5301 | D:5      | Mangled by nikopol's ghost

Skill      XL: |  1  2  3  4 |
---------------+-------------+-----
Ice Magic      | 3 4 |  4.2
Spellcasting   | 3 |  3.4
Dodging        | |  1.5
Stealth        | |  1.5
Conjurations   | |  0.8

Action                   |  1- 3 |  4- 6 || total
-------------------------+-------+-------++-------
Melee: Unarmed           |    41 |    15 ||    56
 Cast: Freeze            |    52 |    49 ||   101
       Throw Frost       |    32 |    33 ||    65
  Use: Scroll            |       |     5 ||     5
Armor: Robe              |    31 |     9 ||    40
Dodge: Dodged            |    93 |    37 ||   130
